Map: Sueño eterno EE

Players

ParryHoTTer

  • Race: Zerg Zerg
  • League: Silver
  • Spawn Location: 7:00

ImanDMC - Winner!

  • Race: Terran Terran
  • League: Gold
  • Spawn Location: 1:00

VOD

Have the link to the VOD?

Description

Time

  • Played on: April 3, 2020, 8:23 p.m.
  • Length: 9:18
Show
View Real Time Build Order
Export as new Build Order

ParryHoTTer Zerg 

Build Orders: 3 Hatch before Pool 

Get SALT Encoding   

  12  0:44  Hatchery  
  11  0:53  Hatchery  
  10  1:16  Spawning Pool  
  9  1:19  Drone  
  9  1:25  Drone  
  11  1:30  Extractor  
  10  1:33  Extractor  
  10  1:36  Drone  
  10  1:43  Drone  
  12  1:47  Drone  
  13  1:54  Drone  
  13  1:58  Drone  
  14  2:05  Drone  
  14  2:07  Drone  
  16  2:13  Drone  
  17  2:18  Drone  
  17  2:19  Drone  
  19  2:25  Drone  
  20  2:31  Drone  
  20  2:32  Drone  
  20  2:34  Drone  
  23  2:40  Drone x2  
  25  2:45  Drone  
  25  2:50  Overlord  
  26  3:05  Overlord  
  26  3:06  Overlord  
  26  3:17  Zergling x10  
  26  3:18  Zergling x2  
  32  3:20  Drone  
  32  3:25  Drone  
  34  3:29  Drone x2  
  38  3:37  Lair  
  38  3:39  Queen  
  38  3:48  Drone x2  
  38  3:50  Queen  
  38  3:54  Extractor  
  41  3:57  Extractor  
  41  3:59  Drone  
  41  4:00  Drone x2  
  41  4:01  Drone  
  44  4:03  Drone  
  45  4:15  Evolution Chamber  
  44  4:18  Spore Crawler  
  44  4:22  Spore Crawler  
  42  4:26  Spore Crawler  
  42  4:30  Spore Crawler  
  40  4:32  Drone  
  40  4:33  Drone x6  
  47  4:45  Hydralisk Den  
  47  4:48  Drone  
  47  4:49  Drone x2  
  49  5:02  Zerg Missile Weapons Level 1  
  49  5:17  Queen, Evolution Chamber  
  49  5:18  Grooved Spines  
  50  5:22  Overlord x3  
  50  5:23  Overlord  
  50  5:32  Overlord x2  
  50  5:34  Overlord  
  50  5:39  Queen  
  52  5:51  Queen  
  52  5:52  Queen  
  52  5:54  Zerg Ground Armor Level 1  
  52  5:56  Hydralisk  
  58  6:09  Hydralisk x2  
  58  6:10  Hydralisk  
  64  6:12  Hydralisk  
  66  6:20  Overseer  
  66  6:25  Pneumatized Carapace  
  66  6:26  Hydralisk  
  66  6:27  Hydralisk  
  70  6:34  Drone  
  70  6:35  Drone x4  
  75  6:45  Overseer  
  75  6:49  Hydralisk  
  75  6:50  Hydralisk x2  
  81  6:56  Overseer  
  81  7:09  Nydus Network  
  81  7:10  Hydralisk  
  81  7:11  Hydralisk  
  84  7:19  Hydralisk x2  
  88  7:26  Hydralisk x2  
  92  7:42  Hydralisk x4  
  100  7:53  Nydus Canal  
  100  7:56  Hydralisk x2  
  100  7:57  Hydralisk  
  58  8:46  Zergling x2  
  58  8:47  Zergling x10  
  58  8:48  Zergling x10  
  44  8:51  Zergling x2  
Show
View Real Time Build Order
Export as new Build Order

ImanDMC Terran - Winner!

Build Orders:  

Get SALT Encoding   

  13  0:12  Supply Depot  
  12  0:22  SCV  
  12  0:25  Refinery  
  13  0:37  SCV  
  14  0:49  SCV  
  15  0:55  Barracks  
  15  1:01  SCV  
  16  1:13  SCV  
  17  1:25  SCV  
  17  1:28  Barracks  
  17  1:30  Supply Depot  
  18  1:37  SCV  
  19  1:45  Barracks Reactor  
  19  1:50  SCV  
  20  2:05  Command Center  
  20  2:11  SCV  
  21  2:16  Barracks Reactor  
  21  2:22  Marine  
  21  2:23  Marine  
  21  2:26  SCV  
  24  2:31  Supply Depot  
  24  2:40  Marine x2  
  26  2:52  Marine x2  
  26  2:58  Marine x2  
  28  2:59  Orbital Command  
  30  3:05  Supply Depot  
  30  3:09  Marine  
  30  3:10  Marine  
  32  3:16  Marine  
  33  3:26  SCV  
  34  3:27  Marine  
  34  3:33  Marine x2  
  34  3:34  Marine  
  37  3:38  Barracks  
  37  3:40  SCV  
  39  3:43  SCV  
  39  3:45  Marine  
  41  3:51  Marine x3  
  41  3:52  SCV  
  45  3:57  Supply Depot  
  45  4:03  Marine  
  45  4:06  SCV  
  45  4:08  SCV  
  45  4:09  Marine  
  49  4:14  Marine  
  49  4:15  Marine  
  51  4:19  SCV  
  51  4:20  SCV  
  51  4:21  Marine  
  54  4:30  Barracks Tech Lab  
  54  4:31  SCV, Refinery  
  55  4:32  SCV  
  55  4:33  Factory  
  55  4:34  Marine  
  55  4:35  Marine x2  
  59  4:39  Marine  
  60  4:52  Marine  
  60  4:54  SCV x2  
  60  4:56  Marine  
  60  4:57  Marine x3  
  67  5:05  Stimpack  
  67  5:06  SCV x2  
  69  5:10  Marine  
  70  5:16  Supply Depot  
  70  5:19  Supply Depot  
  70  5:21  Starport  
  70  5:22  Factory Tech Lab  
  70  5:29  Orbital Command  
  70  5:37  Marine x5  
  70  5:42  Siege Tank  
  78  5:55  Marine x2  
  80  6:00  SCV x2  
  82  6:12  SCV x2, Medivac  
  82  6:16  Barracks  
  86  6:23  Refinery  
  86  6:35  Supply Depot  
  86  6:37  Supply Depot  
  86  6:43  Supply Depot  
  86  6:45  Combat Shield  
  86  6:55  Refinery  
  86  6:57  SCV, Marine x5  
  86  6:58  SCV  
  93  7:02  Starport Reactor  
  93  7:04  Barracks Reactor  
  93  7:09  SCV, Supply Depot  
  93  7:10  Siege Tank, SCV  
  93  7:14  Marine x5  
  103  7:31  Supply Depot  
  103  7:32  Marine x5  
  108  7:42  Siege Tank  
  108  7:43  Command Center  
  111  7:45  Medivac x2  
  111  7:50  Marine x3  
  118  7:52  Marine x2  
  118  7:53  Engineering Bay  
  120  8:08  Marine x3  
  120  8:10  Marine x2  
  125  8:16  Medivac  
  124  8:20  Supply Depot  
  124  8:26  Marine x2  
  126  8:32  Marine  
  126  8:34  Marine  
  123  8:44  Supply Depot  
Tags
 
Add a new tag
Caveats
  • Supply blocks, unpowered buildings, or Contaminate may cause inaccurate times.
  • Supply counts are checked every 10 seconds.